 Dungeon Crawl Stone Soup version 0.31-a0-232-gb1c03b2570 (webtiles) character file.

Game seed: 5835092519796131434

1453 qw the Skirmisher (level 8, 0/50 HPs)
             Began as a Gargoyle Hexslinger on July 6, 2023.
             Was an Initiate of Okawaru.
             Slain by an ogre
             ... wielding a +0 giant club
              (16 damage)
             ... on level 5 of the Dungeon.
             The game lasted 00:02:25 (5019 turns).

qw the Skirmisher (Gargoyle Hexslinger)             Turns: 5019, Time: 00:02:25

Health: 0/50       AC: 11    Str: 17    XL:     8   Next: 75%
Magic:  9/9        EV: 12    Int: 13    God:    Okawaru [......]
Gold:   264        SH:  0    Dex: 14    Spells: 8/9 levels left

rFire   . . .        Y - +1 shortbow
rCold   . . .        (shield currently unavailable)
rNeg    + . .        k - +0 robe "Puetyan" {Contam Will++ Str+4}
rPois   inf          f - +0 helmet
rElec   +            (no cloak)
rCorr   .            a - +2 pair of gloves
SInv    .            (no boots)
Will    ++...        (no amulet)
Stlth   +            (no ring)
HPRegen 0.28/turn    (no ring)
MPRegen 0.11/turn

%: no passive effects
@: no status effects
A: sickness immunity, AC +5, negative energy resistance 1, electricity
resistance, torment resistance 1, petrification resistance
a: Renounce Religion


You were on level 5 of the Dungeon.
You worshipped Okawaru.
Okawaru was noncommittal.
You visited 1 branch of the dungeon, and saw 5 of its levels.
You also visited: Sewer.

You collected 264 gold pieces.


Innate Abilities, Weirdness & Mutations

You are immune to sickness and miasma.
Your stone body is resilient. (AC +5)
You are immune to poison.
You resist negative energy. (rN+)
You are resistant to electric shocks. (rElec)
You are resistant to unholy torment.
You are immune to petrification.


   Skills:
 + Level 5.6 Fighting
 - Level 9.0 Ranged Weapons
 - Level 2.0 Armour
 - Level 2.0 Dodging
 - Level 1.0 Spellcasting
 - Level 2.6 Hexes


You had 8 spell levels left.
You knew the following spells:

 Your Spells              Type           Power      Damage    Failure   Level
a - Slow                  Hex            28%        N/A       10%         1

Your spell library contained the following spells:

 Spells                   Type           Power      Damage    Failure   Level
 Inner Flame              Hex/Fire       4%         N/A       43%         3
 Portal Projectile        Hex/Tloc       8%         N/A       43%         3
 Cause Fear               Hex            3%         N/A       67%         4

Inventory:

Hand Weapons
 Y - a +1 shortbow (weapon)
Armour
 a - a +2 pair of gloves (worn)
 b - a +0 ring mail of cold resistance
 f - a +0 helmet (worn)
 k - the +0 robe "Puetyan" (worn) {Contam Will++ Str+4}
   (You found it on level 4 of the Dungeon)

   Str:       It affects your strength (+4).
   Contam:    It causes magical contamination when unequipped.
   Will:      It greatly increases your willpower.
Jewellery
 g - an amulet of the acrobat
Scrolls
 c - a scroll of identify
 m - 2 scrolls of summoning {unknown}
Potions
 d - a potion of resistance
 e - a potion of might
 h - a potion of cancellation
 l - 2 potions of mutation

Dungeon Overview and Level Annotations

Branches:
Dungeon (5/15)              Sewer (visited)
 Temple: D:4-7

Altars:
Okawaru
Ru
Trog


Message History

Okawaru accepts your kill.
You start resting.
HP restored.
An ogre comes into view. It is wielding a +0 giant club.
The ogre shouts!
Enter note:
Enter note:
Enter note:
Enter note:
Enter note:
Enter note:
Enter note:
Enter note:
Enter note:
Enter note:
Enter note:
Enter note: You shoot an arrow.
The arrow completely misses the ogre.
The ogre hits you with a +0 giant club!
Enter note:
Enter note:
Enter note:
Enter note:
Enter note:
Enter note:
Enter note:
Enter note:
Enter note:
Enter note:
Enter note:
Enter note: You shoot an arrow.
The arrow hits the ogre!
The ogre is moderately wounded.
The ogre hits you with a +0 giant club!!
You shoot an arrow. The arrow hits the ogre.
The ogre is heavily wounded.
You shoot an arrow. The arrow hits the ogre!
The ogre is severely wounded.
The ogre hits you with a +0 giant club!
You die...

#........# ##
##.#.##### .. #....##
#. #######.....#### ..
................ #. #.
...##.....#### #.#..#.
#.#.....## #....#.###
#......## .......@.#
#.#...## ######O#.#
#.##.## #.#.###.##.#
#.......##.#
###.######'## #.#
##...## ####.#
##.....##
##.##.###.......## #
##...#.##...../...####


You could see an ogre.

Vanquished Creatures
  Grinder (Sewer)
  A black bear (D:4)
  An ogre (D:5)
  A phantom (D:4)
  2 kobold brigands (Sewer)
  A necrophage (Sewer)
  A scorpion (D:5)
  5 killer bees (D:5)
  2 hounds
  A jelly (D:4)
  2 orc priests (D:3)
  An iguana (D:5)
  A sleepcap (D:4)
  3 orc wizards
  6 adders
  A river rat (D:4)
  5 ufetubi (Sewer)
  5 worms
  3 dart slugs
  21 orcs
  11 ball pythons
  11 endoplasms
  7 giant cockroaches
  10 goblins
  10 hobgoblins
  23 kobolds
  4 quokkas
  4 bats
  A frilled lizard (D:2)
  A giant cockroach zombie (Sewer)
  2 kobold zombies (Sewer)
  15 rats
163 creatures vanquished.

Vanquished Creatures (others)
  A wizard (D:4)
1 creature vanquished.

Grand Total: 164 creatures vanquished

Notes
Turn   | Place    | Note
-------+----------+-------------------------------------------
     0 | D:1      | qw the Gargoyle Hexslinger began the quest for the Orb.
     0 | D:1      | Reached XP level 1. HP: 12/12 MP: 2/2
     0 | D:1      | 0 ||| qw: Version: 0.3-a-46-gb1f654a
     0 | D:1      | 0 ||| qw: Game counter: 1946
     0 | D:1      | 0 ||| qw: Melee chars always use a shield: true
     0 | D:1      | 0 ||| qw: God list: Okawaru
     0 | D:1      | 0 ||| qw: Allow faded altars: false
     0 | D:1      | 0 ||| qw: Do Orc after clearing Dungeon:15 true
     0 | D:1      | 0 ||| qw: Do second Lair branch before Depths: true
     0 | D:1      | 0 ||| qw: Lair rune preference: random
     0 | D:1      | 0 ||| qw: Goals: Normal
     0 | D:1      | 0 ||| PLANNING D:1-11
    98 | D:1      | Reached XP level 2. HP: 12/16 MP: 3/3
   143 | D:1      | HP: 3/16 [kobold/+0 club (4)]
   224 | D:1      | Reached skill level 3 in Ranged Weapons
   395 | D:1      | Reached XP level 3. HP: 21/21 MP: 4/4
   739 | D:1      | 739 ||| UPGRADING to +0 leather armour.
   749 | D:1      | 749 ||| DROPPING +0 robe.
   750 | D:1      | 750 ||| UPGRADING to +0 ring mail.
   760 | D:1      | 760 ||| DROPPING +0 leather armour.
   761 | D:1      | 761 ||| READING scroll labelled JORYIBUTHE.
   779 | D:1      | 779 ||| READING scroll labelled YQEANG ZOUMA.
   780 | D:1      | 780 ||| READING scroll labelled QICOKE OMIEC.
   781 | D:1      | 781 ||| READING scroll labelled XUDUWNUWNI.
   785 | D:1      | 785 ||| READING scroll labelled USHUCH HAELU.
   786 | D:1      | 786 ||| DROPPING scroll of poison.
  1151 | D:2      | Found a faded altar of an unknown god.
  1392 | D:2      | Reached XP level 4. HP: 26/26 MP: 5/5
  1778 | D:2      | 1778 ||| UPGRADING to +0 pair of gloves.
  1783 | D:2      | 1783 ||| UPGRADING to +0 helmet.
  1788 | D:2      | 1788 ||| READING scroll labelled LOARAI JUSONT.
  1789 | D:2      | 1789 ||| READING 3 scrolls labelled POUDGH YRPHAEN.
  1790 | D:2      | 1790 ||| READING scroll labelled DUFAIN YJUCA.
  1891 | D:2      | 1891 ||| READING 2 scrolls of identify.
  1891 | D:2      | 1891 ||| IDENTIFYING brown potion
  1986 | D:3      | 1986 ||| READING scroll of enchant armour.
  1986 | D:3      | 1986 ||| ENCHANTING +0 pair of gloves.
  2020 | D:3      | Reached skill level 1 in Armour
  2027 | D:3      | Reached skill level 4 in Ranged Weapons
  2082 | D:3      | 2082 ||| Stepping ~*~*~tactically~*~*~ (outnumbered).
  2089 | D:3      | Reached XP level 5. HP: 30/30 MP: 6/6
  2322 | D:3      | Reached skill level 5 in Ranged Weapons
  2515 | D:3      | 2515 ||| UPGRADING to +0 ring mail of cold resistance.
  2525 | D:3      | 2525 ||| DROPPING +0 ring mail.
  2526 | D:3      | 2526 ||| DRINKING 2 sedimented orange potions.
  2562 | D:3      | 2562 ||| DROPPING potion of lignification.
  2603 | D:4      | 2603 ||| PLANNING SEWER
  2607 | D:4      | Noticed a black bear
  2613 | D:4      | Killed a black bear
  2614 | D:4      | Reached skill level 3 in Fighting
  2614 | D:4      | Reached XP level 6. HP: 38/38 MP: 7/7
  2661 | D:4      | 2661 ||| READING scroll of enchant armour.
  2661 | D:4      | 2661 ||| ENCHANTING +1 pair of gloves.
  2772 | D:4      | Found a glowing drain.
  2794 | D:4      | 2794 ||| READING 4 scrolls of identify.
  2794 | D:4      | 2794 ||| IDENTIFYING black potion
  2795 | D:4      | 2795 ||| READING 3 scrolls of identify.
  2795 | D:4      | 2795 ||| IDENTIFYING smoky green potion
  2801 | Sewer    | Entered a sewer
  3002 | Sewer    | Found an ancient bone altar of Kikubaaqudgha.
  3033 | Sewer    | Reached skill level 6 in Ranged Weapons
  3033 | Sewer    | Reached XP level 7. HP: 37/42 MP: 8/8
  3107 | Sewer    | 3107 ||| SWAPPING to +0 shortbow.
  3108 | Sewer    | 3108 ||| DROPPING +1 sling of draining.
  3129 | Sewer    | Noticed Grinder
  3147 | Sewer    | Paralysed by Grinder for 5 turns
  3152 | Sewer    | Killed Grinder
  3153 | Sewer    | Reached skill level 7 in Ranged Weapons
  3255 | Sewer    | HP: 10/44 [kobold/+0 short sword (4)]
  3261 | Sewer    | HP: 5/44 [kobold/+0 short sword (3)]
  3480 | Sewer    | 3480 ||| DRINKING 2 inky potions.
  3481 | Sewer    | 3481 ||| READING 3 scrolls of identify.
  3481 | Sewer    | 3481 ||| IDENTIFYING bubbling coppery potion
  3505 | D:4      | 3505 ||| PLANNING D:1-11
  3531 | D:4      | Reached XP level 8. HP: 43/48 MP: 9/9
  3623 | D:4      | Reached skill level 8 in Ranged Weapons
  3683 | D:4      | Identified the +0 robe "Puetyan" {Contam Will++ Str+4}
  3790 | D:4      | Found a bloodstained altar of Trog.
  3792 | D:4      | Noticed a wizard
  3798 | D:4      | Killed a wizard
  3878 | D:4      | 3878 ||| Stepping ~*~*~tactically~*~*~ (outnumbered).
  3879 | D:4      | 3879 ||| Stepping ~*~*~tactically~*~*~ (outnumbered).
  3898 | D:4      | Found an iron altar of Okawaru.
  3899 | D:4      | 3899 ||| PLANNING OKAWARU WORSHIP
  3899 | D:4      | 3899 ||| UPGRADING to +0 robe "Puetyan" {Contam Will++
                  | Str+4}.
  3909 | D:4      | 3909 ||| READING scroll labelled REG NITECOTO.
  3910 | D:4      | 3910 ||| READING 2 scrolls of identify.
  3910 | D:4      | 3910 ||| IDENTIFYING fizzy grey potion
  3911 | D:4      | 3911 ||| DROPPING potion of invisibility.
  3919 | D:4      | Became a worshipper of Warmaster Okawaru
  3920 | D:4      | 3920 ||| PLANNING D:1-11
  4170 | D:5      | Entered Level 5 of the Dungeon
  4323 | D:5      | Found a sacrificial altar of Ru.
  4521 | D:5      | Reached skill level 9 in Ranged Weapons
  4714 | D:5      | HP: 10/49 [ice beast (9)]
  4715 | D:5      | 4715 ||| READING scroll of teleportation.
  4716 | D:5      | 4716 ||| DRINKING potion of heal wounds.
  5019 | D:5      | Slain by an ogre

Levels and vault maps discovered:
D:1:      amcnicky_arrival_double_pillar, layout_basic
D:2:      minmay_inner_zag, layout_basic, shapermc_ecumenical_altar_rom_forum,
          nicolae_titane
D:3:      layout_basic
D:4:      cheibrodos_old_hovel, layout_rooms, okawaru_altar_gauntlet_db,
          trog_wizard, portal_sewer_entry_c, minmay_fractal_squares_diagonal_5
D:5:      layout_loops_corners, mainiacjoe_overflow_six_doors_small

Skill      XL: |  1  2  3  4  5  6  7  8 |
---------------+-------------------------+-----
Ranged Weapons | 3 4 5 6 7 9 |  9.0
Fighting       | 2 3 4 5 |  5.6
Armour         | 1 2 |  2.0
Dodging        | 2 |  2.0
Spellcasting   | |  1.0
Hexes          | |  2.6

Action                     |  1- 3 |  4- 6 |  7- 9 || total
---------------------------+-------+-------+-------++-------
   Fire: Sling             |   129 |   233 |    24 ||   386
         Shortbow          |       |       |   279 ||   279
    Use: Scroll            |     5 |     8 |     4 ||    17
         Potion            |       |     1 |     2 ||     3
 Armour: Robe              |     6 |       |    41 ||    47
         Ring mail         |    11 |   112 |   127 ||   250
  Dodge: Dodged            |    27 |   113 |   148 ||   288

Table legend:
 A = Non-vault XP
 B = Vault XP
 C = Vault XP percentage of total XP
 D = Non-vault monster count
 E = Vault monster count
 F = Vault count percentage of total count
                 A         B        C        D         E       F
            +---------+---------+-------+---------+---------+-------
      Total |    1335 |     741 |  35.7 |     105 |      58 |  35.6
            +---------+---------+-------+---------+---------+-------
        D:1 |      40 |       0 |   0.0 |      22 |       0 |   0.0
        D:2 |      40 |      10 |  20.0 |      19 |       6 |  24.0
        D:3 |     191 |       0 |   0.0 |      29 |       0 |   0.0
        D:4 |     398 |      92 |  18.8 |      17 |      17 |  50.0
        D:5 |     666 |       0 |   0.0 |      18 |       0 |   0.0
      Sewer |       0 |     639 | 100.0 |       0 |      35 | 100.0
            +---------+---------+-------+---------+---------+-------
